Arrhythmia, chaotic female vampiric Convict --- ----- --- |..--.|.----- . ..| --- |...@=.@(.|.----.- ----- -------..-- --.-------- ---.)&..%........|-- |....--.........-- |...--.--.-- --..|.--......-|.. |................- ---- --.........--- --------......|.-- ---- -.............. --..| |....|......| ---.|......|---..| .......... |...-- ---.|[---.....| ---- |...|-.....--....| -......- - --....| |...|-.-|....-----..---.----..........- |.*...- . |....-----.----..|-......>.......| |...........| --*...|--.- --....| |...|--...|------.....-.----|....[......-- |....|...| |.....---%--|....-- |.........|.--............--- --)....- --........| |...-- --..........................| |.*...-- |......--| ----- --..........................---------.%...| |........| |................|.....^....[*)[.%*".%)...| ---......| --...............|........-----------.....-- |......| ----...........-|....|...| |.<....- ---.|.-- --.--.--.-------.---.-- --.........| ----- --------- --- --- ----------- Arrhythmia the Jail-bird Experience level: 7 Strength: 17 Dexterity: 10 Constitution: 20 Intelligence: 13 Wisdom: 8 Charisma: 6 Health: 0(71) Energy: 47(47) AC: 0 Gold: 478 Moves: 2866 Your Inventory: Coins $ - 478 gold pieces Amulets x - a [cursed] amulet called AoLS [of change] Armor b - a cursed +0 striped shirt (being worn) m - an [uncursed] +0 dwarvish mithril-coat (being worn) r - a cursed +0 pair of hard shoes [iron] (being worn) t - a cursed +0 hard hat [dwarvish iron helm] (being worn) u - a [cursed +0] striped shirt Comestibles k - an uncursed Hot Futa Mare Dick Scrolls w - a [cursed] scroll labeled PRIRUTSENIE [of magic mapping] B - an [uncursed] scroll labeled ANDOVA BEGARIN [of identify] Potions v - a [cursed] brown potion [of booze] Tools d - an uncursed blindfold i - an uncursed [+0] pick-axe l - an uncursed [tallow] candle q - an [uncursed] lock pick y - an [uncursed +0] unicorn horn z - an [uncursed magic] lamp Iron balls c - an uncursed heavy iron ball (chained to you) Spells known in the end: Name Level Category Fail Memory Your skills at the end: Fighting Skills Weapon Skills sling [Basic / Skilled] Spellcasting Skills Final Attributes: You were piously aligned. Hunger level was 137. Your alignment was 24 / 24. Monster difficulty range was 1 - 7. Level difficulty was 7. You were immune to poison. You were immune to level-drain. You were immune to sickness. You were hallucinating. You were punished. You could fly. You could survive without air. You regenerated. Your luck was zero. You are dead. Vanquished creatures: an ettin zombie a leprechaun an iron piercer a black light a white unicorn a rock piercer a shrieker 2 gnome lords a gnomish wizard an elf zombie a floating eye 4 dwarves a hill orc 3 rothes a rabid rat a giant bat a dwarf zombie 2 iguanas a killer bee an acid blob 5 hobbits 5 manes a giant rat a brown mold a yellow mold 2 green molds 22 gnomes 6 geckos a fox 2 kobolds 2 goblins 2 sewer rats 4 grid bugs 4 bats 5 lichens 4 newts and a partridge in a pear tree 94 creatures vanquished. Voluntary challenges: You went without food. You were illiterate. You never hit with a wielded weapon. You put on armor 8 times. You never genocided any monsters. You never polymorphed an object. You never changed form. You used no wishes. You abstained from Elbereth's help. You encountered 1 bones level. You never used any Sokoban shortcuts. Dungeon overview: The Dungeons of Doom: levels 1 to 5 Level 1 a fountain a long staircase Level 2 a fountain Level 3 an altar, some fountains Level 4 stairs to The Gnomish Mines The Gnomish Mines: levels 5 to 7 Level 5 stairs to The Dungeons of Doom Level 7 <- You were here History has recorded: On T:1 you entered the Dungeons of Doom to retrieve the Amulet of Yendor! On T:180 you advanced to experience level 2. On T:327 you reached level 2 of The Dungeons of Doom. On T:722 you advanced to experience level 3. On T:771 you reached level 3 of The Dungeons of Doom. On T:877 you advanced to experience level 4. On T:1032 you advanced to experience level 5. On T:1059 you reached level 4 of The Dungeons of Doom. On T:1376 you reached level 5 of The Dungeons of Doom. On T:1473 you reached level 1 of The Gnomish Mines. On T:1476 you advanced to experience level 6. On T:2164 you advanced to experience level 7. On T:2194 you reached level 2 of The Gnomish Mines. On T:2602 you reached level 3 of The Gnomish Mines. Latest messages: The Archon bites! The hell hound misses. [HP-4=17] [HP+1=18] You see here a food ration. [HP+1=19] [HP+1=20] [HP+1=21] [HP+1=22] The dahu hits! The chess pawn misses. The nightmare bites! The aria elemental misses. The Crow T. Robot misses. The fallacy golem bites! [HP-13=9] You hit the brogmoid. You bite the golden naga. You kill the guardian naga! The rodent of unusual size hits! The duct tape golem bites! The green mold bites! You die... Final status: Goodbye Arrhythmia the Convict... You died in The Gnomish Mines on dungeon level 7 with 4077 points, and 478 pieces of gold, after 2866 moves. You were level 7 with a maximum of 71 hit points when you died.